 Dungeon Crawl Stone Soup version 0.21.1-1-g345015fe64 (webtiles) character file.

10 Delanovic the Sneak (level 2, 0/13 HPs)
             Began as a Spriggan Enchanter on Apr 11, 2018.
             Slain by a worm (6 damage)
             ... on level 2 of the Dungeon.
             The game lasted 00:01:52 (804 turns).

Delanovic the Sneak (Spriggan Enchanter)             Turns: 804, Time: 00:01:52

Health: 0/13       AC:  2    Str:  4    XL:     2   Next: 10%
Magic:  6/6        EV: 18    Int: 16    God:
Gold:   47         SH:  0    Dex: 16    Spells: 5/6 levels left

rFire    . . .     SeeInvis +   a - +1 dagger
rCold    . . .     Gourm    .   (shield restricted)
rNeg     . . .     Faith    .   b - +0 robe
rPois    .         Spirit   .   (helmet restricted)
rElec    .         Reflect  .   (no cloak)
rCorr    .         Harm     .   (gloves unavailable)
MR       .....                  (boots unavailable)
Stlth    +++.......             (no amulet)
HPRegen  0.04/turn              (no ring)
MPRegen  0.10/turn              (no ring)

@: very quick
A: very small, unfitting armour, see invisible, herbivore, speed 3, slow
metabolism 2
a: no special abilities


You were on level 2 of the Dungeon.
You were not hungry.

You visited 1 branch of the dungeon, and saw 2 of its levels.

You collected 47 gold pieces.

Inventory:

Hand Weapons
 a - a +1 dagger (weapon)
Armour
 b - a +0 robe (worn)
Scrolls
 e - 2 scrolls of teleportation {unknown}
 f - a scroll of identify {unknown}
 h - 2 scrolls of enchant armour {unknown}
 j - a scroll of fear {unknown}
Potions
 g - a potion of heal wounds {unknown}
 i - 2 potions of ambrosia {unknown}
Books
 c - a book of Maledictions

   Spells                             Type                      Level
   a - Corona                         Hexes                        1
   b - Ensorcelled Hibernation        Hexes/Ice                    2
   c - Confuse                        Hexes                        3
   d - Tukima's Dance                 Hexes                        3
   e - Dazzling Spray                 Conjuration/Hexes            3
Comestibles
 d - 5 rations


   Skills:
 * Level 0.3 Fighting
 * Level 1.2 Short Blades
 + Level 3.1 Dodging
 + Level 4.7 Stealth
 + Level 2.7 Spellcasting
 + Level 3.8 Hexes


You had 5 spell levels left.
You knew the following spells:

 Your Spells              Type           Power        Failure   Level  Hunger
a - Corona                Hex            ##.....      3%          1    #......


Dungeon Overview and Level Annotations

Branches:
Dungeon (2/15)

Altars:


Innate Abilities, Weirdness & Mutations

You are very small and have problems with some larger weapons.
You are too small for most types of armour.
You have supernaturally acute eyesight. (SInv)
You are a herbivore.
You cover ground extremely quickly.
You need consume almost no food.


Message History

The worm bites you!
Ouch! That really hurt!
You hit the worm.
The worm is moderately wounded.
The frilled lizard hisses angrily.
The worm stops glowing.
You hit the worm.
The worm is heavily wounded.
The worm closely misses you.
You hit the worm.
The worm is severely wounded.
You hit the worm.
The worm is severely wounded.
The worm barely misses you.
You hit the worm.
The worm is severely wounded.
You hit the worm.
The worm is almost dead.
The worm bites you.
You die...

#### ...# # #########...#
.# #.......#...#...
#...............
#.[........w....
#.......l...g...
#.?..>..w#+# #.......@#.# .
#........#.##....
..................
#########.#.#.#### #.#.# #
##########'#.############.#
#.................[.......#
#......................#
#.)....................+


You could see a worm and a frilled lizard.

Vanquished Creatures
  A leopard gecko (D:1)
  A giant cockroach (D:1)
  2 goblins (D:1)
  3 kobolds (D:1)
  A frilled lizard (D:1)
  A rat (D:1)
9 creatures vanquished.

Notes
Turn   | Place    | Note
-------+----------+-------------------------------------------
     0 | D:1      | Delanovic the Spriggan Enchanter began the quest for the Orb.
     0 | D:1      | Reached XP level 1. HP: 9/9 MP: 5/5
     4 | D:1      | Noticed a felid
     4 | D:1      | Noticed a dwarf
     8 | D:1      | Noticed a formicid
     8 | D:1      | Noticed a demigod
    10 | D:1      | Noticed a human
    10 | D:1      | Noticed an ogre
    12 | D:1      | Noticed an octopode
    12 | D:1      | Noticed a naga
    14 | D:1      | Noticed a gargoyle
    14 | D:1      | Noticed a centaur
    16 | D:1      | Noticed a halfling
    16 | D:1      | Noticed a merfolk
    31 | D:1      | Noticed a demonspawn
    31 | D:1      | Noticed a minotaur
    33 | D:1      | Noticed a vampire
    33 | D:1      | Noticed a tengu
    35 | D:1      | Noticed a vine stalker
    35 | D:1      | Noticed a ghoul
    37 | D:1      | Noticed a troll
    37 | D:1      | Noticed a draconian
    39 | D:1      | Noticed an elf
    39 | D:1      | Noticed a spriggan
   440 | D:1      | Reached XP level 2. HP: 13/13 MP: 6/6
   804 | D:2      | Slain by a worm

Action                   || total
-------------------------++-------
Melee: Dagger            ||    33
 Cast: Corona            ||     4
 Stab: Sleeping          ||     1
Armor: Robe              ||     2
Dodge: Dodged            ||    16
